woodfighter, chaotic female orcish Cavewoman -------- -------------- |...|..|--- |............| |.....[|..| |...--------.-- --.--..|>.------.-- |..%%%| |.....--..%|..|.| --|.%..[| |.|....|......|.| |.+..%..| |..`|.....---.|.| |-|.%..%| |.....--..---.|.| |.+..(%%| ---...|.......|.| |-|.a%.%| ---[|...--..|.| |.+@%...| |......||....| --|)%.%.| |.....-----..| |))...| ------- ---- ------- woodfighter the Young Cave Woman Experience level: 9 Strength: 18/03 Dexterity: 13 Constitution: 18 Intelligence: 7 Wisdom: 8 Charisma: 8 Health: 0(89) Energy: 28(28) Def: 11 Gold: 333 Moves: 7657 Dungeon seed: bEHmZLLdU8C6AFvu Game ID: woodfighter_1488124079 Your Inventory: Coins $ - 333 gold pieces Amulets F - an uncursed amulet versus poison (being worn) U - an uncursed amulet of reflection Weapons a - a +1 club (weapon in hand) b - a +2 sling (alternate weapon; not wielded) l - a cursed -1 spear Armor q - an uncursed +0 elven cloak (being worn) r - an uncursed +0 pair of iron shoes (being worn) v - an uncursed +1 elven mithril-coat (being worn) w - an uncursed +0 elven shield (being worn) y - an uncursed +0 orcish helm (being worn) Y - an uncursed +0 Hawaiian shirt (being worn) Comestibles c - 2 uncursed tins of cave spider meat j - an uncursed cram ration s - 2 uncursed sprigs of wolfsbane A - an uncursed food ration I - 5 uncursed tripe rations M - an uncursed cream pie O - an uncursed lichen corpse P - an uncursed tin of large kobold meat X - 2 uncursed pancakes Z - 3 uncursed lizard corpses Scrolls t - an uncursed scroll of water z - an uncursed scroll of earth Potions f - an uncursed potion of speed m - an uncursed potion of object detection o - an uncursed potion of booze x - an uncursed potion of sickness Rings k - an uncursed ring of teleport control J - an uncursed ring of shock resistance R - an uncursed ring of cold resistance V - an uncursed ring of cold resistance Wands h - a wand of striking (0:6) C - a wand of magic missile (0:5) K - a wand of light (0:11) S - a cursed wand of probing (0:8) W - a wand of digging (0:8) Tools d - an uncursed brass lantern (0:1384) g - an uncursed tin whistle p - an uncursed magic whistle u - an uncursed skeleton key B - a +0 pick-axe Gems e - 11 uncursed flints (in quiver) Spells and supernatural/magical abilities: Name Level Category Fail Memory W - pray for help -- divine ? -- Your skills at the end: Miscellaneous Skills bare handed combat [Basic] Weapon Skills scimitar [Basic] club [Skilled] sling [Basic] Spellcasting Skills Final Attributes: You were piously aligned. You were fire resistant. You were sleep resistant. You were poison resistant. You were telepathic. You had infravision. You were somewhat stealthy. You were fast. You are dead. Vanquished creatures: 3 giant mimics 2 large mimics 3 small mimics a gelatinous cube an elf mummy an ettin zombie a leather golem a succubus a giant beetle 2 wolves a panther 3 lizards a mumak an iron piercer a horse 2 gnome kings 4 Green-elves an owlbear 3 housecats a dwarf lord 3 Woodland-elves a rope golem a fire ant a yellow light a wood nymph a rock piercer 3 ponies 2 fog clouds 3 shriekers a gnome lord a red naga hatchling a golden naga hatchling a gray ooze a paper golem a giant ant 2 puppies 4 floating eyes a kitten a dwarf a kobold lord 2 iguanas 3 hill orcs a centipede 3 jitterbugs a giant bat 3 orc zombies 2 wererats 2 coyotes 2 gas spores 3 acid blobs 2 large kobolds 4 geckos 5 giant rats 12 cave spiders a brown mold 2 yellow molds 2 green molds 14 garter snakes a gnome zombie 13 jackals a fox 2 kobolds 10 newts a goblin 3 sewer rats 5 grid bugs 4 bats 5 lichens 2 kobold zombies 176 creatures vanquished. Voluntary challenges: You did not cause conflict. You were not invisible. You did not have reflection. You were not displaced. You had been an atheist until turn 2647. You used a wielded weapon 309 times, starting on turn 1. You did not apply a unicorn horn. You did not use plumbed fixtures. You did not drink any magical draughts. You were illiterate. You never genocided any monsters. You never polymorphed an object. You changed form 1 time, starting on turn 2698. You completed Sokoban on turn 7525, according to the rules. You used no wishes. You never split a pudding. You never wrote Elbereth's name. You never violated your personal moral code. Dungeon overview: The Dungeons of Doom: levels 1 to 10 Level 1 a sink a long staircase Level 2 an armor shop Level 3 a fountain Level 4 stairs to The Gnomish Mines Level 5 a fountain Level 6 a weapon shop, a fountain, a sink Level 7 a fountain Level 8 (locked box + vault) an altar to Anshar, a sink Level 9 many fountains Level 10 an altar to Anu, a fountain stairs to Sokoban The Gnomish Mines: Level 5 stairs to The Dungeons of Doom Sokoban: levels 6 to 9 Level 6 <- You were here a magic chest Level 7 Level 8 Level 9 a magic chest stairs to The Dungeons of Doom History has recorded: On T:1 you entered the Dungeons of Doom to retrieve the Amulet of Yendor! On T:134 you reached level 2 of The Dungeons of Doom. On T:612 you reached level 3 of The Dungeons of Doom. On T:636 you advanced to experience level 2. On T:731 you reached level 4 of The Dungeons of Doom. On T:810 you advanced to experience level 3. On T:1128 you reached level 1 of The Gnomish Mines. On T:1331 you advanced to experience level 4. On T:1469 you reached level 5 of The Dungeons of Doom. On T:1665 you reached level 6 of The Dungeons of Doom. On T:1943 you advanced to experience level 5. On T:2036 you reached level 7 of The Dungeons of Doom. On T:2239 you reached level 8 of The Dungeons of Doom. On T:2497 you reached level 9 of The Dungeons of Doom. On T:2647 you prayed to Anshar. On T:3367 you advanced to experience level 6. On T:4012 you prayed to Anshar. On T:4086 you reached level 10 of The Dungeons of Doom. On T:4362 you advanced to experience level 7. On T:4575 you reached level 4 of Sokoban. On T:4972 you opened a magic chest. On T:5211 you reached level 3 of Sokoban. On T:5579 you advanced to experience level 8. On T:5964 you prayed to Anshar. On T:6226 you reached level 2 of Sokoban. On T:6619 you reached level 1 of Sokoban. On T:7525 you advanced to experience level 9. On T:7525 you entered the Sokoban zoo. Score breakdown: Gold: 333 ( 33 points) Experience: 9 levels ( 800 points) Exploration: 10 levels ( 270 points) Discoveries: 26 items ( 1300 points) Variety of kills: 69 monsters ( 2000 points) Major goal: finished Sokoban ( 1000 points) Survival: died (score multiplied by 3) Total score: 16209 Latest messages: You see here a trident. Wait! There's something there you can't see! A garter snake was hidden under 12 gold pieces! The garter snake bites! You kill the garter snake! $ - 12 gold pieces. You see here a mace. You attack thin air. e - an uncursed flint (in quiver). $ - 28 gold pieces. e - an uncursed flint (in quiver). $ - 26 gold pieces. e - an uncursed flint (in quiver). $ - 29 gold pieces. You see here a mace. You see here a trident. You see here a runed bow. There are a few objects here. (2x) A - a food ration. You see here a garter snake corpse. WHAMMM!!! You hit the soldier ant! The soldier ant bites! The soldier ant stings! You die... Final status: Goodbye woodfighter the Cavewoman, killed by a soldier ant... You died in Sokoban on dungeon level 6 with 16209 points, and 333 pieces of gold, after 7657 moves. You were level 9 with a maximum of 89 hit points when you died.